 Dungeon Crawl Stone Soup version 0.14-a0-2618-g5301534 (webtiles) character file.

152496 HollowCharge the Fencer (level 16, -7/147 HPs)
             Began as a Yellow Draconian Fighter on Feb 13, 2014.
             Was the Champion of the Shining One.
             Mangled by a 20-headed hydra (8 damage)
             ... on Level 3 of the Swamp on Feb 14, 2014.
             The game lasted 03:43:27 (38799 turns).

HollowCharge the Fencer (Yellow Draconian Fighter) Turns: 38799, Time: 03:43:27

HP  -7/147       AC 17     Str 23      XL: 16   Next: 98%
MP   0/16        EV 26     Int 10      God: the Shining One [******]
Gold 2043        SH 28     Dex 17      Spells:  1 memorised, 13 levels left

rFire  . . .     SeeInvis .     H - +7,+3 bastard sword (holy)
rCold  . . .     Clarity  +     (armour unavailable)
rNeg   + + +     Conserve .     c - +0 shield
rPois  .         rCorr    +     F - +2 hat {Spirit}
rElec  .         rRot     .     r - +2 cloak
SustAb . .       Spirit   +     b - +1 pair of gloves
rMut   .         Warding  .     d - +0 pair of boots
Saprov . . .     Stasis   .     k - amulet of clarity
MR     +....                    B - +5 ring of evasion
                                u - +3 ring of strength

@: glowing, somewhat resistant to hostile enchantments, very unstealthy
A: spit acid, acid resistance, unfitting armour, strong 1, acidic bite, AC +9
a: Spit Acid, Divine Shield, Cleansing Flame, Summon Divine Warrior, Renounce
Religion


You were on level 3 of the Swamp.
You worshipped the Shining One.
The Shining One was exalted by your worship.
You were very hungry.

You visited 5 branches of the dungeon, and saw 32 of its levels.
You also visited: Ice Cave.

You collected 2778 gold pieces.
You spent 735 gold pieces at shops.

Inventory:

Hand weapons
 y - a +3,+0 elven scimitar
 D - a +3,+3 long sword
 H - a +7,+3 bastard sword of holy wrath (weapon)
Armour
 b - a +1 pair of gloves (worn)
 c - a +0 shield (worn)
 d - a +0 pair of boots (worn)
 r - a +2 cloak (worn)
 F - a +2 hat of spirit shield (worn)
Magical devices
 p - a wand of teleportation (0)
 K - a wand of heal wounds (1)
 N - a wand of confusion (9)
 R - a wand of disintegration (10)
Comestibles
 a - 5 strawberries
 n - 2 beef jerkies
 E - 4 apples
Scrolls
 i - 4 scrolls of teleportation
 o - a scroll of fog
 q - 3 scrolls of identify
 t - 8 scrolls of remove curse
 I - 3 scrolls of magic mapping
Jewellery
 e - an uncursed ring of see invisible
 k - an amulet of clarity (around neck)
 u - a +3 ring of strength (left hand)
 B - a +5 ring of evasion (right hand)
Potions
 g - 12 potions of curing
 h - 2 potions of restore abilities
 m - 4 potions of heal wounds
 x - 3 potions of resistance


   Skills:
 + Level 14.6 Fighting
 * Level 17.9 Long Blades
 + Level 12.4 Dodging
 + Level 13.3 Shields


You had 13 spell levels left.
You knew the following spells:

 Your Spells              Type           Power        Failure   Level  Hunger
a - Shroud of Golubria    Chrm/Tloc      #.........   61%         2    ###....


Dungeon Overview and Level Annotations

Branches:
Dungeon (16/16)            Temple (1/1) D:7             Orc (4/4) D:10
    Elf (0/3) Orc:3          Lair (8/8) D:8           Swamp (3/5) Lair:3
  Snake (0/5) Lair:4        Slime (0/6) Lair:8       Vaults (0/5) D:15
 Depths (0/6) D:16

Altars:
Cheibriados
Elyvilon
Kikubaaqudgha
Makhleb
Nemelex Xobeh
Okawaru
Sif Muna
Trog
Vehumet
Xom
Zin
The Shining One
Beogh

Shops:
D:7 /   D:9 }   D:10 (   D:13 /   D:14 }   Orc:1 (   Orc:4 %}?=

Annotations:
D:6 Menkaure
D:8 Erolcha


Innate Abilities, Weirdness & Mutations

You can spit globs of acid.
You can corrode armour when you spit acid.
You are resistant to acid.
Your golden yellow scales are hard (AC +9).
Your body does not fit into most forms of armour.
Your cold-blooded metabolism reacts poorly to cold.
You have acidic saliva.
Your muscles are strong. (Str +2)


Message History

The 18-headed hydra bites you but does no damage.
The 18-headed hydra barely misses you.
The 18-headed hydra bites you but does no damage.
The 18-headed hydra bites you!
* * * LOW HITPOINT WARNING * * *
You block the 18-headed hydra's attack. The 18-headed hydra misses you.
You slice one of the 18-headed hydra's heads off!
The 17-headed hydra grows two more!
You hit the 19-headed hydra.
The 19-headed hydra is lightly wounded.
Unknown command.
You hack one of the 19-headed hydra's heads off!
The 18-headed hydra grows two more!
You slice the 20-headed hydra!!
The 20-headed hydra is moderately wounded.
You block the 20-headed hydra's attack. The 20-headed hydra misses you.
The 20-headed hydra barely misses you.
The 20-headed hydra bites you but does no damage.
The 20-headed hydra misses you. The 20-headed hydra bites you!
* * * LOW HITPOINT WARNING * * *
The 20-headed hydra misses you. The 20-headed hydra bites you!
You die...

♣♣♣♣♣...≈.≈≈≈≈♣♣
♣...≈...<.≈≈..♣
♣♣.≈♣≈≈≈≈≈≈≈..♣
♣≈♣♣.≈≈≈≈≈≈.♣♣♣
♣♣≈≈≈≈≈≈≈.♣...
♣≈≈≈≈≈≈≈≈§≈≈.≈
♣≈≈≈≈≈≈≈≈≈≈...
♣♣....≈≈≈≈...≈≈
♣....@.≈.w..%≈
♣.≈.≈♣D.♣♣≈≈≈≈
♣≈≈.≈♣♣≈♣
♣≈.♣♣..♣ ..≈ ♣♣♣
≈♣♣♣ ≈.. .♣ ≈.♣.
♣♣ ♣♣


You could see a 20-headed hydra and a swamp worm.

Vanquished Creatures
  Maud (D:15)
  An orc warlord (Orc:2)
  Gastronok (D:9)
  The ghost of Econoterrorist the Bludgeoner, a powerful GrFi of Okawaru (Swamp:1)
  2 fire dragons (D:16)
  3 hydras
  Fannar (D:10)
  Harold (Orc:4)
  Josephine (D:12)
  Nessos (D:16)
  The ghost of mopl the Basher, a powerful DjHe of Okawaru (IceCv)
  Erica (D:12)
  2 alligators
  An ogre mage (D:15)
  A centaur warrior (D:16)
  Urug (D:12)
  Nergalle (D:14)
  3 orc high priests (Orc:4)
  A sun demon (Orc:4)
  An unseen horror (D:15)
  A swamp dragon (Swamp:1)
  6 orc knights (Orc:4)
  3 ice statues (IceCv)
  11 hill giants
  A giant amoeba (D:15)
  4 wolf spiders
  Joseph (Lair:1)
  3 griffons
  6 orc sorcerers
  A wizard (D:15)
  2 cyclopes (D:16)
  10 black mambas
  A red wasp (Lair:8)
  Maurice (D:12)
  18 elephants
  A guardian serpent (Lair:8)
  4 fire drakes
  4 yaktaurs (D:16)
  An elf (shapeshifter) (D:13)
  16 spiny frogs
  Grinder (D:5)
  4 centaur zombies
  A giant firefly (Swamp:1)
  2 wandering mushrooms
  3 hydra zombies
  2 wind drakes (shapeshifter) (D:15)
  A spriggan (Swamp:1)
  27 blink frogs
  Sonja (D:12)
  3 centaur skeletons
  8 trolls
  5 slime creatures
  5 polar bears (Lair:8)
  Prince Ribbit (Orc:1)
  2 giant leeches
  4 baby alligators (Swamp:1)
  A boulder beetle (Lair:7)
  10 komodo dragons
  3 bog bodies
  9 grizzly bears (Lair:8)
  A brown ooze (shapeshifter) (D:16)
  4 two-headed ogres
  5 shadows
  A redback (Lair:8)
  2 trapdoor spiders
  4 basilisks
  A griffon skeleton (D:7)
  9 ugly things
  A thorn lotus (Swamp:2)
  2 wyverns
  A fire dragon skeleton (D:12)
  A deep elf fighter (D:8)
  2 hill giant zombies (D:14)
  2 elephant slugs (Lair:8)
  29 yaks
  Eustachio (D:5)
  A chaos spawn (Orc:4)
  A deep elf mage (D:15)
  A hungry ghost (D:15)
  4 sharks (D:10)
  6 hippogriffs
  2 nagas (Lair:4)
  A hill giant skeleton (D:9)
  4 swamp worms
  2 human zombies (D:12)
  35 wolves
  2 necrophages
  A hydra simulacrum (D:14)
  A soldier ant (D:12)
  A mottled dragon (D:15)
  4 yellow wasps
  2 swamp drakes
  10 black bears
  19 ogres
  A human (D:7)
  12 porcupines
  4 hell hounds (Lair:8)
  28 orc warriors
  21 ice beasts
  2 phantoms
  3 sky beasts
  A giant goldfish (Swamp:2)
  10 centaurs
  6 wargs
  15 crocodiles
  Sigmund (D:6)
  The ghost of Pr0man the Ruffian, an average VSMo (D:3)
  20 giant frogs
  2 giant slugs
  2 big kobolds
  Blork the orc (D:6)
  9 agate snails
  A gnoll sergeant (D:7)
  25 water moccasins
  A cyclops zombie (D:12)
  A cyclops skeleton (D:15)
  A yak zombie (D:12)
  11 wights
  A jellyfish (Swamp:2)
  9 killer bees (D:16)
  A yak skeleton (D:8)
  7 goliath beetles
  A pulsating lump (Lair:8)
  13 crimson imps
  24 orc wizards
  30 orc priests
  2 giant frog skeletons
  A quasit (D:8)
  5 jellies
  A basilisk skeleton (D:9)
  6 iguanas
  25 hounds
  3 spiders (Lair:8)
  5 scorpions
  7 sheep
  18 worker ants
  2 ogre zombies
  A hound skeleton (D:6)
  7 gnolls
  37 green rats
  27 adders
  10 giant centipedes
  3 giant mites
  9 worms
  A white imp (D:5)
  2 ufetubi (Orc:4)
  A giant centipede zombie (D:12)
  2 grey rats (D:5)
  3 orc skeletons
  2 giant eyeballs
  2 oozes
  209 orcs
  32 bats
  A bat skeleton (D:5)
  5 giant cockroaches
  A gnoll skeleton (D:4)
  17 goblins
  17 hobgoblins
  30 kobolds
  13 quokkas
  2 ball pythons
  11 giant geckos
  2 giant newts
  15 jackals
  A jackal skeleton (D:4)
  A kobold zombie (D:5)
  6 orc zombies
  A quokka skeleton (D:4)
  34 rats
  A rat skeleton (D:6)
  6 ballistomycetes
  3 bushes
  A butterfly (Lair:6)
  15 fungi
  7 plants
1255 creatures vanquished.

Vanquished Creatures (others)
  A swamp drake (Swamp:2)
  2 yak skeletons (Orc:4)
  An orc priest (Orc:4)
  An orc (Orc:4)
  A giant gecko zombie (D:9)
  3 giant spores
  An orc zombie (Orc:4)
  A rat (D:2)
  11 rat skeletons (Orc:4)
  3 fungi
  5 plants (Lair:8)
30 creatures vanquished.

Grand Total: 1285 creatures vanquished

Notes
Turn   | Place    | Note
--------------------------------------------------------------
     0 | D:1      | HollowCharge, the Draconian Fighter, began the quest for the Orb.
     0 | D:1      | Reached XP level 1. HP: 19/19 MP: 1/1
   337 | D:1      | Reached XP level 2. HP: 23/26 MP: 2/2
   613 | D:1      | HP: 1/26 [bat (1)]
   618 | D:1      | Reached XP level 3. HP: 2/31 MP: 3/3
  1188 | D:2      | Reached XP level 4. HP: 39/39 MP: 4/4
  1772 | D:2      | Found a radiant altar of Vehumet.
  2044 | D:3      | Found an iron altar of Okawaru.
  2147 | D:3      | Noticed Pr0man's ghost (average VSMo)
  2147 | D:3      | Found a sparkling altar of Nemelex Xobeh.
  2205 | D:3      | Killed Pr0man's ghost
  2205 | D:3      | Reached skill level 4 in Fighting
  2205 | D:3      | Reached XP level 5. HP: 43/46 MP: 5/5
  2769 | D:4      | Found a bloodstained altar of Trog.
  2888 | D:4      | Noticed an ogre
  3925 | D:4      | Reached XP level 6. HP: 43/53 MP: 6/6
  4118 | D:5      | Entered Level 5 of the Dungeon
  4210 | D:5      | Noticed Eustachio
  5072 | D:5      | Noticed Grinder
  5100 | D:5      | Killed Grinder
  5100 | D:5      | Reached skill level 5 in Fighting
  5100 | D:5      | Reached skill level 5 in Long Blades
  5100 | D:5      | Your scales start taking on a golden yellow colour.
  5100 | D:5      | Reached XP level 7. HP: 32/61 MP: 7/7
  5567 | D:6      | Reached skill level 6 in Long Blades
  5567 | D:6      | Reached skill level 5 in Shields
  6009 | D:5      | Killed Eustachio
  6009 | D:5      | Reached XP level 8. HP: 47/70 MP: 8/8
  6154 | D:4      | Gained mutation: Your muscles are strong. (Str +2) [potion of beneficial mutation]
  6179 | D:4      | Found a deep blue altar of Sif Muna.
  6189 | D:4      | Killed an ogre
  6497 | D:6      | Found a snail-covered altar of Cheibriados.
  6584 | D:6      | Noticed Blork the orc
  6596 | D:6      | Killed Blork the orc
  6898 | D:6      | Reached skill level 7 in Long Blades
  7011 | D:6      | Reached skill level 5 in Dodging
  7119 | D:6      | Noticed Menkaure
  8010 | D:7      | Noticed Sigmund
  8018 | D:6      | Killed Sigmund
  8018 | D:6      | Reached XP level 9. HP: 78/78 MP: 9/9
  8130 | D:6      | Found an ancient bone altar of Kikubaaqudgha.
  8188 | D:7      | Reached skill level 8 in Long Blades
  8782 | D:7      | Found Phau's Magical Wand Boutique.
  8943 | D:7      | Found a staircase to the Ecumenical Temple.
  9002 | Temple   | Entered the Ecumenical Temple
  9097 | Temple   | Became a worshipper of the Shining One
  9144 | D:7      | Paralysed by a giant eyeball for 2 turns
  9268 | D:7      | Found a shimmering altar of Xom.
  9269 | D:7      | Found a burning altar of Makhleb.
  9638 | D:8      | Reached skill level 9 in Long Blades
 10191 | D:8      | Reached XP level 10. HP: 83/88 MP: 10/10
 10268 | D:8      | Found a staircase to the Lair.
 10321 | D:8      | Noticed Erolcha
 11051 | D:9      | Noticed Gastronok
 11075 | D:9      | Killed Gastronok
 11075 | D:9      | Reached skill level 10 in Long Blades
 11637 | D:9      | Found Cosmizuu's Gadget Shoppe.
 11653 | D:9      | Acquired the Shining One's first power
 12466 | D:10     | Entered Level 10 of the Dungeon
 12897 | D:10     | Noticed Fannar
 12912 | D:10     | Killed Fannar
 12912 | D:10     | Reached skill level 11 in Long Blades
 12912 | D:10     | Reached XP level 11. HP: 58/97 MP: 11/11
 13153 | D:10     | Noticed a hill giant
 13172 | D:10     | Killed a hill giant
 13556 | D:10     | Found a staircase to the Orcish Mines.
 13556 | D:10     | Noticed a hill giant
 13566 | D:10     | Killed a hill giant
 13749 | D:10     | Found a roughly hewn altar of Beogh.
 14118 | Lair:1   | Entered Level 1 of the Lair of Beasts
 14953 | Lair:1   | Noticed Joseph
 14995 | Lair:1   | Killed Joseph
 15180 | Lair:1   | Reached skill level 12 in Long Blades
 16078 | Lair:1   | Reached skill level 10 in Fighting
 16436 | Lair:1   | Noticed a four-headed hydra
 16884 | Lair:1   | Reached XP level 12. HP: 80/106 MP: 12/12
 17141 | Lair:1   | Killed a four-headed hydra
 17217 | Lair:2   | Noticed an eight-headed hydra
 18393 | Lair:3   | Reached skill level 13 in Long Blades
 18544 | Lair:3   | Found a staircase to the Swamp.
 18687 | Lair:3   | Acquired the Shining One's second power
 19317 | Lair:4   | Reached skill level 10 in Shields
 19329 | Lair:4   | Found a frozen archway.
 19415 | IceCv    | Entered an ice cave
 19792 | IceCv    | Noticed mopl's ghost (powerful DjHe)
 19833 | IceCv    | Killed mopl's ghost
 20458 | Lair:4   | Identified a scroll of acquirement
 20539 | Lair:4   | Found a staircase to the Snake Pit.
 21453 | Lair:5   | Reached XP level 13. HP: 102/116 MP: 13/13
 21725 | Lair:5   | Noticed a five-headed hydra
 21737 | Lair:5   | Killed a six-headed hydra
 21737 | Lair:5   | Reached skill level 14 in Long Blades
 22438 | Lair:6   | Reached skill level 10 in Dodging
 24420 | Lair:7   | Reached skill level 15 in Long Blades
 24671 | Lair:8   | Entered Level 8 of the Lair of Beasts
 24731 | Lair:8   | Gained mutation: You have acidic saliva. [draconian growth]
 24731 | Lair:8   | Reached XP level 14. HP: 126/126 MP: 14/14
 25735 | Lair:8   | Found a staircase to the Slime Pits.
 25959 | Lair:8   | Acquired the Shining One's third power
 26160 | Lair:8   | Paralysed by a yellow wasp for 3 turns
 27136 | Orc:1    | Entered Level 1 of the Orcish Mines
 27136 | Orc:1    | Found Fuiwustrupp's Weapon Emporium.
 27136 | Orc:1    | Noticed Prince Ribbit
 27259 | Orc:1    | Killed Prince Ribbit
 27409 | Orc:2    | Found a roughly hewn altar of Beogh.
 27448 | Orc:2    | Noticed an orc warlord
 27500 | Orc:2    | Killed an orc warlord
 27504 | Orc:2    | Acquired the Shining One's fourth power
 28332 | Orc:2    | Found a roughly hewn altar of Beogh.
 28339 | Orc:2    | Reached skill level 16 in Long Blades
 28921 | Orc:3    | Found a staircase to the Elven Halls.
 29248 | Orc:4    | Entered Level 4 of the Orcish Mines
 29359 | Orc:4    | Paralysed by an orc sorcerer for 2 turns
 29585 | Orc:4    | Found a roughly hewn altar of Beogh.
 29624 | Orc:4    | Noticed Harold
 29640 | Orc:4    | Killed Harold
 30053 | Orc:4    | Paralysed by an orc sorcerer for 4 turns
 30060 | Orc:4    | Paralysed by an orc sorcerer for 3 turns
 31025 | Orc:4    | Paralysed by an orc sorcerer for 7 turns
 31089 | Orc:4    | Found Asudacem's Jewellery Shoppe.
 31157 | Orc:4    | Found Qaros' Food Shop.
 31158 | Orc:4    | Found Blayll's Magic Scroll Shoppe.
 31158 | Orc:4    | Found Kuycinke's Gadget Shop.
 31166 | Orc:4    | Bought an uncursed ring of see invisible for 255 gold pieces
 31166 | Orc:4    | Bought an uncursed amulet of clarity for 340 gold pieces
 31169 | Orc:4    | Bought a scroll of identify for 28 gold pieces
 31169 | Orc:4    | Bought 2 scrolls of teleportation for 84 gold pieces
 31169 | Orc:4    | Bought a scroll of identify for 28 gold pieces
 31666 | D:10     | Noticed a hill giant
 31677 | D:10     | Killed a hill giant
 31907 | D:11     | Reached XP level 15. HP: 125/136 MP: 15/15
 32707 | D:12     | Noticed Sonja
 32840 | D:12     | Noticed Maurice
 32850 | D:12     | Killed Maurice
 32900 | D:12     | Killed Sonja
 32919 | D:12     | Noticed Erica
 32930 | D:12     | Killed Erica
 32985 | D:12     | Noticed Urug
 33003 | D:12     | Killed Urug
 33022 | D:12     | Noticed Josephine
 33031 | D:12     | Killed Josephine
 33359 | D:13     | Upgraded the game from 0.14-a0-2604-g6f603d6 to 0.14-a0-2618-g5301534
 33427 | D:13     | Found Utafradu's Magical Wand Boutique.
 33710 | D:14     | Paralysed by a giant eyeball for 4 turns
 33955 | D:14     | Found Psahez's Gadget Shop.
 34001 | D:14     | Noticed Nergalle
 34043 | D:14     | Killed Nergalle
 34423 | D:15     | Entered Level 15 of the Dungeon
 34642 | D:15     | Reached skill level 17 in Long Blades
 34795 | D:15     | Found a gate to the Vaults.
 34857 | D:15     | Noticed Maud
 34873 | D:15     | Killed Maud
 35682 | D:16     | Entered Level 16 of the Dungeon
 36227 | D:16     | Found a staircase to the Depths.
 36258 | D:16     | Reached XP level 16. HP: 143/147 MP: 16/16
 36298 | D:16     | Noticed Nessos
 36332 | D:16     | Killed Nessos
 37304 | Lair:1   | Learned a level 2 spell: Shroud of Golubria
 37447 | Swamp:1  | Entered Level 1 of the Swamp
 37622 | Swamp:1  | Noticed Econoterrorist's ghost (powerful GrFi)
 37636 | Swamp:1  | Killed Econoterrorist's ghost
 38799 | Swamp:3  | HP: 1/147 [20-headed hydra (8)]
 38799 | Swamp:3  | Mangled by a 20-headed hydra

Action                   |  1- 3 |  4- 6 |  7- 9 | 10-12 | 13-15 | 16-18 || total
-------------------------+-------+-------+-------+-------+-------+-------++-------
Melee: Falchion          |    97 |   347 |   661 |       |       |       ||  1105
       Long sword        |       |       |    69 |    14 |       |       ||    83
       Scimitar          |       |       |       |  1218 |       |       ||  1218
       Bastard sword     |       |       |       |    75 |  2043 |   247 ||  2365
 Cast: Shroud of Golubri |       |       |       |       |       |     1 ||     1
 Abil: Spit Acid         |       |       |    13 |    11 |     7 |       ||    31
Evoke: Wand              |       |     2 |    18 |    41 |    32 |    10 ||   103
  Use: Scroll            |       |    20 |     8 |    19 |    20 |     6 ||    73
       Potion            |       |     7 |     2 |     1 |     4 |     2 ||    16
 Stab: Distracted        |       |       |     1 |       |       |       ||     1
       Sleeping          |       |       |     1 |     1 |       |       ||     2
       Fleeing           |       |       |       |       |     1 |       ||     1
